 Dungeon Crawl Stone Soup version 0.27.1 (webtiles) character file.

Game seed: 7420500665721271404

86 MajorAdolf the Skirmisher (level 4, -1/44 HPs)
             Began as a Naga Wanderer on Aug 22, 2021.
             Slain by an orc priest (3 damage)
             ... on level 3 of the Dungeon.
             The game lasted 00:05:03 (3178 turns).

MajorAdolf the Skirmisher (Naga Wanderer)           Turns: 3178, Time: 00:05:03

Health: -1/44      AC:  2    Str: 14    XL:     4   Next: 50%
Magic:  8/8        EV:  9    Int: 14    God:
Gold:   51         SH:  0    Dex: 10    Spells: 5/8 levels left

rFire    . . .     SeeInvis +   b - +0 falchion
rCold    . . .     Faith    .   (no shield)
rNeg     . . .     Spirit   .   d - +0 robe
rPois    +         Reflect  .   (no helmet)
rElec    .         Harm     .   (no cloak)
rCorr    .         Rampage  .   (no gloves)
Will     .....                  (no barding)
Stlth    ++........             (no amulet)
HPRegen  0.14/turn              (no ring)
MPRegen  0.11/turn              (no ring)

@: short of breath, very slow
A: AC +1, large, see invisible, deformed body, poison resistance, slowness 2,
spit poison 1, naga tail 1
a: Spit Poison


You were on level 3 of the Dungeon.
You visited 1 branch of the dungeon, and saw 4 of its levels.

You collected 51 gold pieces.

Inventory:

Hand Weapons
 b - a +0 falchion (weapon)
Missiles
 c - 19 poisoned darts
Armour
 d - a +0 robe (worn)
Jewellery
 i - an amulet of faith
Scrolls
 e - a scroll of silence {unknown}
 f - 3 scrolls of identify {unknown}
 g - a scroll of noise {unknown}
 j - a scroll of fog {unknown}
Potions
 a - 3 potions of might {unknown}
 h - a potion of flight {unknown}


   Skills:
 + Level 4.2 Fighting
 + Level 0.5 Axes
 - Level 1.8 Stealth
 + Level 0.4 Shields
 + Level 2.7 Spellcasting
 - Level 2.0 Summonings
 + Level 1.5 Transmutations
 - Level 1.0 Evocations


You had 5 spell levels left.
You knew the following spells:

 Your Spells              Type           Power      Damage    Failure   Level
a - Beastly Appendage     Tmut           12%        N/A       12%         1
b - Wereblood             Tmut           6%         N/A       17%         2

Your spell library contained the following spells:

 Spells                   Type           Power      Damage    Failure   Level
 Spider Form              Tmut/Pois      2%         N/A       43%         3
 Ice Form                 Ice/Tmut       4%         N/A       85%         4


Dungeon Overview and Level Annotations

Branches:
Dungeon (4/15)
 Temple: D:4-7

Altars:
Zin


Innate Abilities, Weirdness & Mutations

Your serpentine skin is tough. (AC +1)
You have supernaturally acute eyesight. (SInv)
Armour fits poorly on your strangely shaped body.
Your system is resistant to poisons. (rPois)
You cover ground very slowly.
You can spit poison.
You have a snake-like lower body.


Message History

You hit the hobgoblin.
You kill the hobgoblin!
You see here a hobgoblin corpse.
You start resting.
HP restored.
You see here a hound skeleton.
You see here 2 boomerangs.
You see here a +0 scythe.
An orc comes into view. It is wielding a +0 short sword.
An orc is nearby!
An orc is nearby!
An orc priest comes into view. It is wielding a +0 whip.
The orc shouts!
The orc priest shouts!
An orc comes into view. It is wielding a +0 whip.
The orc priest looks encouraged for a moment.
The orc hits you with a +0 short sword. The orc priest closely misses you.
The orc priest hits you with a +0 whip. The orc hits you with a +0 short sword.
The orc barely misses you. The orc priest misses you.
The orc hits you with a +0 whip. The orc hits you with a +0 short sword.
The orc closely misses you.
There is a stone staircase leading up here.
Unknown command.
The orc priest hits you with a +0 whip. The orc hits you with a +0 short sword.
You climb upwards.
There is a stone staircase leading down here.
Unknown command.
Press: ? - help, Shift-Dir - straight line, f - orc priest
Aim: an orc priest, wielding a +0 whip The splash of poison hits the orc priest.
The orc priest is moderately wounded.
The orc priest mumbles some strange prayers to Beogh against you.
Pain shoots through your body!
* * * LOW HITPOINT WARNING * * *
The orc closely misses you.
You hit the orc priest but do no damage.
The orc priest is moderately wounded.
The orc priest hits you with a +0 whip.
* * * LOW HITPOINT WARNING * * *
The orc hits you but does no damage. The orc priest hits you with a +0 whip.
You die...

###
..#
#.#
#.#
#o#
#@#
#o#
#.#
#.#
#.#
#.#
#..
..#


You could see an orc priest and an orc.

Vanquished Creatures
  2 hounds
  A dart slug (D:4)
  2 ball pythons
  An endoplasm (D:2)
  4 giant cockroaches
  A goblin (D:2)
  5 hobgoblins
  A bat (D:2)
  2 frilled lizards (D:2)
  2 kobolds (D:2)
  4 rats (D:1)
25 creatures vanquished.

Notes
Turn   | Place    | Note
-------+----------+-------------------------------------------
     0 | D:1      | MajorAdolf the Naga Wanderer began the quest for the Orb.
     0 | D:1      | MajorAdolf set off with the following items: a +0 club, a
                  | potion of lignification, a +0 ring mail; and the following
                  | spell memorised: Beastly Appendage; and the following
                  | spells available to memorise: Wereblood, Spider Form, Ice
                  | Form
     0 | D:1      | Reached XP level 1. HP: 21/21 MP: 3/3
   526 | D:1      | Found a faded altar of an unknown god.
   751 | D:1      | Reached XP level 2. HP: 22/28 MP: 5/5
  2108 | D:2      | Reached skill level 4 in Fighting
  2108 | D:2      | Reached XP level 3. HP: 8/36 MP: 6/6
  2364 | D:2      | Learned a level 2 spell: Wereblood
  2642 | D:2      | You fall into a shaft and drop 2 floors!
  2778 | D:4      | Found a glowing silver altar of Zin.
  2950 | D:4      | Reached XP level 4. HP: 16/44 MP: 6/8
  3178 | D:3      | HP: 2/44 [orc priest (4)]
  3178 | D:3      | Slain by an orc priest

Illustrated notes

Levels and vault maps discovered:
D:1:      dpeg_arrival_more_subterranean_lakeside_camping, layout_rooms,
          shapermc_ecumenical_altar_starsandcircs
D:2:      layout_basic
D:3:      layout_loops_corners, hangedman_glass_garden, minmay_misc_feat_square,
          uniq_terence
D:4:      layout_basic, mainiacjoe_overflow_boulevard, serial_bayou_pond_e,
          minmay_fractal_squares_gapless_5

Skill      XL: |  1  2 |
---------------+-------+-----
Fighting       | 4 |  4.2
Axes           | |  0.5
Stealth        | |  1.8
Shields        | |  0.4
Spellcasting   | |  2.7
Summonings     | |  2.0
Transmutations | |  1.5
Evocations     | |  1.0

Action                   |  1- 3 |  4- 6 || total
-------------------------+-------+-------++-------
Melee: Unarmed           |    57 |       ||    57
       Headbutt          |     7 |       ||     7
       Falchion          |    36 |     3 ||    39
 Cast: Beastly Appendage |     9 |       ||     9
 Abil: Spit Poison       |    22 |     1 ||    23
  Use: Potion            |     1 |       ||     1
 Stab: Sleeping          |     2 |       ||     2
Armor: Robe              |     7 |     1 ||     8
       Skin              |     3 |       ||     3
Dodge: Dodged            |    52 |     5 ||    57
       Rpst.: Falchion   |     7 |       ||     7
